 Dungeon Crawl Stone Soup version 0.20.1-1-g8b1a95d (webtiles) character file.

51447 Stelteck the Geomancer (level 14, -1/84 HPs)
             Began as a Gargoyle Earth Elementalist on Sept 11, 2017.
             Was a High Priest of Sif Muna.
             Slain by a sun demon (5 damage)
             ... on level 6 of the Lair of Beasts on Sept 12, 2017.
             The game lasted 03:02:13 (21267 turns).

Stelteck the Geomancer (GrEE)                      Turns: 21267, Time: 03:02:14

Health: -1/84      AC: 29    Str: 13    XL:     14   Next: 59%
Magic:  21/27      EV: 13    Int: 29    God:    Sif Muna [*****.]
Gold:   1098       SH:  3    Dex: 13    Spells: 2/31 levels left

rFire    + + .     SeeInvis .   a - staff of energy
rCold    + + .     Gourm    .   (no shield)
rNeg     + . .     Faith    .   C - +1 ring mail of Zaezeg {Int+2 Dex+3}
rPois    ∞         Spirit   .   M - +1 helmet
rElec    +         Reflect  +   S - +1 cloak
rCorr    +         Harm     .   h - +2 pair of gloves
MR       +....                  W - +2 pair of boots
Stlth    ++........             N - +3 amulet of reflection
Regen    0.3/turn               r - ring "Cyinoluy" {Fire rElec Slay+2}
MPRegen  0.2/turn               n - ring of Contentment {*Drain +Fly rC++ Int+2}

@: brilliant, resistant, divine energy
A: big wings, negative energy resistance 1, electricity resistance, unbreathing,
petrification resistance, rot immunity, AC +9
a: Fly, Stop Divine Energy, Channel Magic, Forget Spell, Renounce Religion,
Evoke Flight


You were on level 6 of the Lair of Beasts.
You worshipped Sif Muna.
Sif Muna was extremely pleased with you.
You were not hungry.

You visited 3 branches of the dungeon, and saw 18 of its levels.
You also visited: Labyrinth.

You collected 1098 gold pieces.

Inventory:

Hand Weapons
 b - the +11 shortbow of Butchery {flame, rF+ Dex+3}
   (You found it on level 8 of the Dungeon)

   It causes projectiles fired from it to burn those they strike, causing extra
   injury to most foes and up to half again as much damage against particularly
   susceptible opponents.
   It affects your dexterity (+3).
   It protects you from fire.
 U - the +1 dagger "Isys" {pierce, +Inv rC- SInv}
   (You found it on level 8 of the Dungeon)

   It inflicts extra damage upon your enemies.
   It makes you vulnerable to cold.
   It lets you see invisible.
   It lets you turn invisible.
Missiles
 L - 138 arrows
 T - 129 stones (quivered)
Armour
 h - a +2 pair of gloves (worn)
 C - the +1 ring mail of Zaezeg (worn) {Int+2 Dex+3}
   (You found it on level 5 of the Dungeon)

   It affects your intelligence (+2).
   It affects your dexterity (+3).
 M - a +1 helmet (worn)
 S - a +1 cloak (worn)
 W - a +2 pair of boots (worn)
Magical Staves
 a - an uncursed staff of energy (weapon)
Jewellery
 n - the ring of Contentment (right hand) {*Drain +Fly rC++ Int+2}
   (You found it on level 4 of the Dungeon)

   [ring of flight]

   It affects your intelligence (+2).
   It greatly protects you from cold.
   It lets you fly.
   It causes draining when unequipped.
 r - the ring "Cyinoluy" (left hand) {Fire rElec Slay+2}
   (You found it on level 10 of the Dungeon)

   [ring of fire]

   It enhances your fire magic.
   It affects your accuracy and damage with ranged weapons and melee attacks
   (+2).
   It protects you from fire.
   It makes you vulnerable to cold.
   It insulates you from electricity.
 A - an uncursed ring of flight {unknown}
 N - a +3 amulet of reflection (around neck)
Wands
 o - a wand of lightning (1/15)
 z - a wand of lightning (4/15)
 F - a wand of acid (4/15)
 H - a wand of flame (16/48)
 P - a wand of iceblast (0/15)
 X - a wand of flame (34/48)
Scrolls
 f - 4 scrolls of recharging
 l - 3 scrolls of fog
 y - 2 scrolls of fear
 B - 2 scrolls of remove curse
 Q - a scroll of teleportation
 Y - a scroll of amnesia
Potions
 c - 2 potions of agility
 i - a potion of lignification
 j - a potion of mutation
 k - a potion of invisibility
 m - 6 potions of curing
 q - 3 potions of might
 v - 2 potions of brilliance
 D - a potion of degeneration {unknown}
 I - a potion of ambrosia {unknown}
 K - a potion of magic
 O - 2 potions of berserk rage {unknown}
 R - a potion of flight {unknown}
 Z - 2 potions of haste {unknown}
Books
 u - a book of the Tempests

   Spells                             Type                      Level
   a - Static Discharge               Conjuration/Air              3
   b - Lightning Bolt                 Conjuration/Air              5
   c - Ignition                       Fire                         8
   d - Tornado                        Air                          9
   e - Shatter                        Earth                        9
 E - a book of Flames

   Spells                             Type                      Level
   a - Flame Tongue                   Conjuration/Fire             1
   b - Throw Flame                    Conjuration/Fire             2
   c - Conjure Flame                  Conjuration/Fire             3
   d - Inner Flame                    Hexes/Fire                   3
   e - Sticky Flame                   Conjuration/Fire             4
   f - Fireball                       Conjuration/Fire             5
 G - the Collected Works on Unstable Snow
   (You found it on level 9 of the Dungeon)

   Spells                             Type                      Level
   a - Summon Ice Beast               Ice/Summoning                4
   b - Yara's Violent Unravelling     Hexes/Transmutation          5
   c - Blade Hands                    Transmutation                5
   d - Hydra Form                     Transmutation                6
Miscellaneous
 t - a crystal ball of energy
 x - a box of beasts
Comestibles
 d - 13 bread rations
 g - 31 fruits
 p - 17 royal jellies
 s - 9 meat rations
 J - 3 chunks of flesh


   Skills:
 - Level 8.5 Fighting
 + Level 11.1 Bows
 - Level 9.0 Armour
 - Level 5.1 Dodging
 - Level 6.0 Stealth
 - Level 9.0 Spellcasting
 * Level 9.4 Conjurations
 - Level 4.0 Hexes
 - Level 0.7 Transmutations
 + Level 7.4 Fire Magic
 - Level 11.2 Earth Magic
 - Level 4.0 Invocations
 - Level 1.9 Evocations


You had 2 spell levels left.
You knew the following spells:

 Your Spells              Type           Power        Failure   Level  Hunger
a - Sandblast             Erth           ######       1%          1    None
b - Passwall              Tmut/Erth      ######....   1%          2    None
c - Stone Arrow           Conj/Erth      ######       1%          3    None
d - Petrify               Tmut/Erth      ######..     1%          4    None
e - Lee's Rapid Deconstr  Erth           #######...   1%          5    None
f - Dazzling Spray        Conj/Hex       ######       1%          3    None
g - Conjure Flame         Conj/Fire      #######.     1%          3    None
h - Tukima's Dance        Hex            ######..     1%          3    None
i - Fireball              Conj/Fire      #######...   1%          5    None


Dungeon Overview and Level Annotations

Branches:
Dungeon (11/15)            Temple (1/1) D:6            Lair (6/6) D:9
  Swamp (0/4) Lair:2        Snake (0/4) Lair:3        Slime (0/5) Lair:6
    Orc: D:9-12

Altars:
Ashenzari
Cheibriados
Dithmenos
Elyvilon
Fedhas
Gozag
Hepliaklqana
Kikubaaqudgha
Makhleb
Nemelex Xobeh
Okawaru
Qazlal
Ru
Sif Muna
Trog
Uskayaw
Vehumet
Xom
Yredelemnul
Zin
The Shining One

Shops:
D:6 %


Innate Abilities, Weirdness & Mutations

You are resistant to torment.
Your stone body is resilient. (AC +9)
You are immune to poison.
Your large and strong wings let you fly indefinitely.
You resist negative energy. (rN+)
You are resistant to electric shocks. (rElec)
You can survive without breathing.
You are immune to petrification.
You are immune to rotting.


Message History

Aiming: Iceblast (will waste charges)
Press: ? - help, Shift-Dir - straight line, f/p - sun demon
Aim: a sun demon (heavily wounded) That beam is likely to hit you.
Continue anyway?
The mass of ice explodes!
The iceblast engulfs the sun demon.
The sun demon is frozen!
The sun demon is severely wounded.
The iceblast engulfs the orange demon.
The orange demon is heavily wounded.
The iceblast engulfs the orange demon.
The orange demon is moderately wounded.
The iceblast engulfs the ice devil.
The ice devil partially resists.
The ice devil is severely wounded.
The iceblast engulfs you! You partially resist.
* * * LOW HITPOINT WARNING * * *
Evoking this partially-identified wand wasted a few charges.
The sun demon hits you.
* * * LOW HITPOINT WARNING * * *
You are engulfed in flames.
You resist.
You die...

≈≈....,#........# *****
44.....#..8.8...#
♣♣,,,*
,.3((4.4...#.8..#
♣.,,,*
,h.....#..#h8...#
♣..,** ♣♣
,.....,#.3.8.#..# *♣..*
♣♣. ########.)8.#...#
*♣.♣*♣♣..
.......'......44#
♣..♣♣..♣
...8...#......43#♣
*♣..♣..♣
.......#########@♣♣♣♣♣
*♣♣(.♣♣ ''######
♣♣♣.♣♣.♣♣ ♣♣..♣♣ ...♣
♣♣♣.......♣♣ ♣♣..♣♣
..♣♣
♣♣♣....♣♣♣...♣♣♣..♣♣♣♣♣
♣..♣** ♣♣...♣♣♣♣
♣♣♣♣..♣.♣♣♣♣..
♣♣♣..♣♣♣♣♣...♣♣
♣♣♣...♣....
*♣♣..♣♣.%♣♣♣ ♣♣....♣♣♣
♣♣♣%...♣ ♣♣..♣♣ ♣♣...♣
♣.♣♣


You could see a sun demon, 2 orange demons, an ice devil, a smoke demon and a
hell hound.

Vanquished Creatures
  Nessos (Lair:4)
  A minotaur (Lab)
  Harold (Lair:4)
  Erica (D:8)
  12 hydras
  A catoblepas (D:9)
  2 two-headed ogres (D:9)
  The ghost of cochise the Grappler, a novice TrFi of Trog (D:8)
  Nergalle (Lair:4)
  A wizard (Lair:6)
  Pikel (D:7)
  A lindwurm (Lair:5)
  4 oklob plants (Lair:2)
  6 elephants (Lair:3)
  Maurice (D:9)
  2 black mambas
  14 spiny frogs
  2 gargoyles (D:9)
  2 orange demons (Lair:6)
  6 rime drakes (Lair:6)
  7 komodo dragons
  A queen bee (Lair:5)
  A troll (D:9)
  3 meliai (Lair:5)
  3 polar bears
  4 blink frogs
  6 dream sheep
  11 hippogriffs
  12 wyverns
  A shadow (D:9)
  15 yaks
  Grum (D:8)
  7 basilisks
  2 insubstantial wisps (Lair:2)
  4 hell hounds (Lair:6)
  11 water moccasins
  14 porcupines
  3 orc warriors
  3 eyes of draining
  A necrophage (D:9)
  A sky beast (D:6)
  2 ice beasts
  A phantom (D:9)
  18 wolves
  7 ogres
  5 centaurs
  16 crocodiles
  2 big kobolds (D:9)
  6 bullfrogs
  4 scorpions
  35 killer bees
  4 wights (D:8)
  An electric eel (Lair:5)
  4 howler monkeys
  3 crimson imps
  A centaur zombie (D:10)
  A bullfrog zombie (D:9)
  14 jellies
  5 hounds
  4 orc priests
  3 iguanas
  9 worker ants
  10 orc wizards
  2 killer bee zombies
  2 hound zombies
  A hound skeleton (D:6)
  2 worker ant zombies
  2 howler monkey zombies
  A gnoll (D:7)
  7 adders
  2 shadow imps
  3 oozes
  An adder skeleton (D:7)
  3 adder zombies
  A worm (D:3)
  13 leopard geckos
  29 orcs
  3 ball pythons
  6 giant cockroaches
  A goblin (D:2)
  5 hobgoblins
  9 jackals
  3 quokkas
  4 bats
  6 frilled lizards
  8 kobolds
  A quokka skeleton (D:5)
  15 rats
  2 fungi
459 creatures vanquished.

Vanquished Creatures (others)
  A slave (D:7)
  3 gnolls (D:7)
  An adder (D:7)
  A bush (Lair:5)
  7 fungi
  3 plants
16 creatures vanquished.

Grand Total: 475 creatures vanquished

Notes
Turn   | Place    | Note
-------+----------+-------------------------------------------
     0 | D:1      | Stelteck the Gargoyle Earth Elementalist began the quest for the Orb.
     0 | D:1      | Reached XP level 1. HP: 10/10 MP: 3/3
   194 | D:1      | Reached XP level 2. HP: 14/15 MP: 5/5
   294 | D:1      | Learned a level 2 spell: Passwall
   676 | D:1      | Reached XP level 3. HP: 19/19 MP: 6/6
   682 | D:1      | Learned a level 3 spell: Stone Arrow
  1168 | D:2      | Reached skill level 5 in Earth Magic
  1168 | D:2      | Reached XP level 4. HP: 24/24 MP: 8/8
  1766 | D:3      | Reached XP level 5. HP: 28/28 MP: 3/9
  1822 | D:3      | Learned a level 4 spell: Petrify
  2428 | D:3      | Reached skill level 1 in Armour
  2759 | D:4      | Got a brightly glowing lapis lazuli ring
  2923 | D:4      | Identified the ring of Contentment {*Drain +Fly rC++ Int+2} (You found it on level 4 of the Dungeon)
  3013 | D:4      | Reached XP level 6. HP: 33/33 MP: 3/11
  3339 | D:4      | Reached skill level 1 in Fighting
  3957 | D:5      | Entered Level 5 of the Dungeon
  4067 | D:5      | Got a steaming ring mail
  4115 | D:5      | Reached XP level 7. HP: 17/40 MP: 3/12
  4874 | D:5      | Reached XP level 8. HP: 46/46 MP: 10/13
  5566 | D:6      | Found a deep blue altar of Sif Muna.
  5585 | D:6      | Reached skill level 5 in Spellcasting
  5619 | D:6      | Became a worshipper of Sif Muna the Loreminder
  5738 | D:6      | Learned a level 5 spell: Lee's Rapid Deconstruction
  5762 | D:6      | Reached skill level 5 in Stealth
  5856 | D:6      | Found a staircase to the Ecumenical Temple.
  5889 | Temple   | Entered the Ecumenical Temple
  6325 | D:6      | Found Toysam's Food Emporium.
  7099 | D:7      | Reached skill level 1 in Invocations
  7099 | D:7      | Reached XP level 9. HP: 50/50 MP: 11/17
  7470 | D:7      | Learned a level 3 spell: Dazzling Spray
  7529 | D:7      | Noticed Pikel
  7545 | D:7      | Killed Pikel
  7989 | D:8      | Reached skill level 1 in Conjurations
  8193 | D:8      | Noticed Erica
  8201 | D:8      | Killed Erica
  8201 | D:8      | Reached * piety under Sif Muna
  8201 | D:8      | Reached XP level 10. HP: 56/56 MP: 12/18
  8216 | D:8      | Noticed cochise's ghost (novice TrFi)
  8291 | D:8      | Got a slimy shortbow
  9082 | D:8      | Killed cochise's ghost
  9082 | D:8      | Reached skill level 5 in Dodging
  9082 | D:8      | Reached skill level 10 in Earth Magic
  9082 | D:8      | Reached skill level 1 in Evocations
  9470 | D:8      | Got a translucent dagger
  9502 | D:8      | Noticed Grum
  9512 | D:8      | Reached skill level 1 in Hexes
  9527 | D:8      | Killed Grum
  9633 | D:8      | Identified the +11 shortbow of Butchery {flame, rF+ Dex+3} (You found it on level 8 of the Dungeon)
  9929 | D:9      | Noticed a two-headed ogre
  9935 | D:9      | Killed a two-headed ogre
  9963 | D:9      | You fall through a shaft for 2 floors!
 10023 | D:11     | Noticed a seven-headed hydra
 10065 | D:11     | Noticed a skeletal warrior
 10067 | D:11     | Noticed a skeletal warrior
 10070 | D:10     | Entered Level 10 of the Dungeon
 10480 | D:10     | Learned a level 3 spell: Conjure Flame
 10483 | D:10     | Got a flickering steel ring
 10870 | D:9      | Reached XP level 11. HP: 52/62 MP: 12/20
 10954 | D:9      | Reached ** piety under Sif Muna
 10964 | D:9      | Reached skill level 1 in Fire Magic
 11309 | D:9      | Noticed a five-headed hydra
 11312 | D:9      | Noticed a catoblepas
 11313 | D:9      | Killed a five-headed hydra
 11313 | D:9      | Reached skill level 5 in Fighting
 11324 | D:9      | Killed a catoblepas
 11324 | D:9      | Reached skill level 5 in Bows
 11621 | D:9      | Noticed a two-headed ogre
 11627 | D:9      | Killed a two-headed ogre
 11659 | D:9      | Identified the Collected Works on Unstable Snow
 11680 | D:9      | Identified the cursed +1 ring mail of Zaezeg {Int+2 Dex+3} (You found it on level 5 of the Dungeon)
 11827 | D:9      | Found a white marble altar of Elyvilon.
 11853 | D:9      | Noticed Maurice
 11854 | D:9      | Paralysed by Maurice for 5 turns
 11860 | D:9      | Killed Maurice
 12175 | D:9      | Reached skill level 5 in Armour
 12191 | D:9      | Reached *** piety under Sif Muna
 12244 | D:9      | Found a staircase to the Lair.
 12360 | D:9      | Reached skill level 5 in Conjurations
 12374 | D:9      | Learned a level 3 spell: Tukima's Dance
 12647 | Lair:1   | Entered Level 1 of the Lair of Beasts
 12673 | Lair:1   | Reached XP level 12. HP: 52/69 MP: 13/22
 13218 | Lair:1   | Noticed a five-headed hydra
 13225 | Lair:1   | Killed a five-headed hydra
 14340 | Lair:2   | Identified the ring "Cyinoluy" {Fire rElec Slay+2} (You found it on level 10 of the Dungeon)
 14591 | Lair:2   | Found a staircase to the Swamp.
 14592 | Lair:2   | Noticed an eight-headed hydra
 15420 | Lair:2   | Killed an eight-headed hydra
 15527 | Lair:2   | Identified the Handbook of Poison
 15830 | Lair:3   | Noticed a four-headed hydra
 15839 | Lair:3   | Killed a four-headed hydra
 15874 | Lair:3   | Reached **** piety under Sif Muna
 15878 | Lair:3   | Found a staircase to the Snake Pit.
 15950 | Lair:3   | Noticed an eight-headed hydra
 15958 | Lair:3   | Killed an eight-headed hydra
 15958 | Lair:3   | Reached XP level 13. HP: 76/76 MP: 25/25
 16794 | Lair:4   | Noticed Harold
 16805 | Lair:4   | Killed Harold
 17254 | Lair:4   | Noticed Nessos
 17278 | Lair:4   | Noticed Nergalle
 17537 | Lair:4   | Killed Nergalle
 17736 | Lair:4   | Killed Nessos
 17736 | Lair:4   | Reached skill level 5 in Fire Magic
 18484 | Lair:5   | Found a stormy altar of Qazlal.
 18502 | Lair:5   | Found a labyrinth entrance.
 18633 | Lab      | Entered a labyrinth
 18877 | Lab      | Noticed a minotaur
 18887 | Lab      | Killed a minotaur
 18887 | Lab      | Reached skill level 10 in Bows
 19007 | Lab      | Identified the +1 dagger "Isys" {pierce, +Inv rC- SInv} (You found it on level 8 of the Dungeon)
 19018 | Lab      | Learned a level 5 spell: Fireball
 19123 | Lab      | Got a warped cloak
 19134 | Lab      | Identified the +2 cloak of Card Tricks {Int+5 Dex-5 SInv} (You found it in a labyrinth)
 19463 | Lair:5   | Reached ***** piety under Sif Muna
 19694 | Lair:5   | Identified Girrefi's Reference Book on Black Rituals and Talismans (Sif Muna gifted it to you on level 5 of the Lair of Beasts)
 19694 | Lair:5   | Received a gift from Sif Muna
 20286 | Lair:6   | Entered Level 6 of the Lair of Beasts
 20294 | Lair:6   | Gained mutation: Your large and strong wings let you fly indefinitely. [Gargoyle growth]
 20294 | Lair:6   | Reached XP level 14. HP: 79/84 MP: 27/27
 20772 | Lair:6   | Found a staircase to the Slime Pits.
 21232 | Lair:6   | Found a burning altar of Makhleb.
 21267 | Lair:6   | HP: 4/84 [sun demon (3)]
 21267 | Lair:6   | Slain by a sun demon

Skill      XL: |  1  2  3  4  5  6  7  8  9 10 11 12 13 14 |
---------------+-------------------------------------------+-----
Earth Magic    | 4 5 6 7 9 10 11 | 11.2
Spellcasting   | 3 5 6 7 8 9 |  9.0
Armour         | 1 3 4 6 8 9 |  9.0
Fighting       | 2 3 4 5 7 8 |  8.5
Dodging        | 2 3 4 5 |  5.1
Stealth        | 3 4 5 6 |  6.0
Invocations    | 1 3 4 |  4.0
Conjurations   | 3 4 5 6 9 |  9.4
Evocations     | 1 |  1.9
Hexes          | 2 4 |  4.0
Bows           | 3 5 8 10 11 | 11.1
Fire Magic     | 2 3 6 7 |  7.4
Transmutations | |  0.7

Action                   |  1- 3 |  4- 6 |  7- 9 | 10-12 | 13-15 || total
-------------------------+-------+-------+-------+-------+-------++-------
Melee: Unarmed           |    19 |       |       |       |       ||    19
       Dagger            |    59 |   129 |   433 |    64 |       ||   685
       Staff             |       |       |       |     1 |    13 ||    14
 Fire: Shortbow          |       |       |    36 |   349 |   371 ||   756
Throw: Javelin           |       |       |     3 |       |       ||     3
       Stone             |       |       |       |       |     1 ||     1
 Cast: Sandblast         |    26 |    68 |    47 |    66 |    56 ||   263
       Stone Arrow       |       |     2 |    33 |    70 |    15 ||   120
       Dazzling Spray    |       |       |       |    10 |     3 ||    13
       Lee's Rapid Decon |       |       |       |     6 |    32 ||    38
       Conjure Flame     |       |       |       |     1 |       ||     1
       Fireball          |       |       |       |       |     2 ||     2
Invok: Divine Energy     |       |       |       |     1 |       ||     1
Evoke: Wand              |       |       |       |     2 |     4 ||     6
  Use: Scroll            |     2 |    13 |     6 |    15 |    18 ||    54
       Potion            |       |     2 |     1 |     4 |     8 ||    15
 Stab: Sleeping          |     3 |     3 |     3 |       |       ||     9
  Eat: Chunk             |     1 |    10 |    13 |    13 |    12 ||    49
       Fruit             |       |       |     3 |     5 |     6 ||    14
       Royal jelly       |       |       |       |     3 |     2 ||     5
       Bread ration      |       |       |       |     1 |       ||     1
Armor: Robe              |    32 |    31 |       |       |       ||    63
       Leather armour    |       |    49 |   273 |   102 |       ||   424
       Skin              |       |       |       |     9 |       ||     9
       Ring mail         |       |       |       |    50 |   142 ||   192
Dodge: Dodged            |    50 |   110 |   303 |   241 |   185 ||   889
Block: Other             |       |       |       |    15 |    28 ||    43
